[Event "Titled Tuesday Blitz March 28 Early 2023"]
[White "Costachi, Mihnea"]
[Black "Dino_Ballecer"]
[WhiteFideId "1217518"]
[WhiteElo "2456"]
[BlackElo "2585"]
[Result "1-0"]
[Round "04"]
[TimeControl "180+2"]
[Date "2023.03.28"]
[WhiteClock "0:02:05"]
[BlackClock "0:00:56"]

1. Nc3 c5 2. Nf3 d6 3. d4 cxd4 4. Nxd4 Nf6 5. g3 Nc6 6. Bg2 Bd7 7. O-O g6 8. e4 Bg7 9. h3 Qc8 10. Nxc6 bxc6 11. Kh2 O-O 12. Be3 Qc7 13. Qd2 Rab8 14. Rab1 e6 15. Bh6 d5 16. exd5 cxd5 17. Rfe1 Rfc8 18. Bf4 Qb6 19. Bxb8 Qxb8 20. Ne2 Ne4 21. Bxe4 dxe4 22. c3 Bc6 23. Rbd1 Be5 24. Nd4 Bd5 25. b3 h5 26. c4 Ba8 27. Qe3 h4 28. Ne2 hxg3+ 29. fxg3 Kg7 30. Rd7 Rc7 31. Red1 Bc6 32. Rxc7 Qxc7 33. Nc3 f5 34. Nb5 Bxb5 35. cxb5 Kf6 36. h4 Qb6 37. Qg5+ Kf7 38. Rd7+ Kf8 39. Qe7+ 1-0


[Site "https://www.chess.com"]

[Event "Titled Tuesday Blitz March 28 Early 2023"]
[White "Salinas Herrera, Pablo"]
[Black "Souleidis, Georgios"]
[WhiteFideId "3407128"]
[BlackFideId "4206827"]
[WhiteElo "2550"]
[BlackElo "2401"]
[Result "1-0"]
[Round "04"]
[TimeControl "180+2"]
[Date "2023.03.28"]
[WhiteClock "0:00:09"]
[BlackClock "0:00:04"]

1. d4 Nf6 2. Nf3 g6 3. Nbd2 d5 4. e3 Bg7 5. b4 O-O 6. c4 b6 7. Bb2 c5 8. dxc5 bxc5 9. bxc5 Qa5 10. cxd5 Nxd5 11. Bxg7 Kxg7 12. Qc2 Nc6 13. Rc1 Rb8 14. Bc4 Nf6 15. O-O Qxc5 16. Qa4 Rb4 17. Qa3 Qb6 18. Bxf7 a5 19. Bb3 Ba6 20. Rfe1 Rd8 21. Nf1 Rd3 22. Rxc6 Qxc6 23. Ne5 Rdxb3 24. axb3 Qb5 25. Nf3 Bb7 26. Nd4 Qb6 27. Ng3 Bd5 28. h3 Bxb3 29. Nxb3 Rxb3 30. Qxe7+ Kg8 31. Rd1 Rb1 32. Rxb1 Qxb1+ 33. Kh2 Qb6 34. e4 a4 35. e5 Nd5 36. Qe8+ Kg7 37. Qd7+ Kh6 38. Qxd5 a3 39. Qd2+ Kg7 40. e6 Qb2 41. Qd7+ Kh6 42. e7 a2 43. e8=Q a1=Q 44. Qf8+ Qg7 45. Qfxg7+ Qxg7 46. Qxg7+ Kxg7 47. Nf1 1-0


[Site "https://www.chess.com"]

[Event "Titled Tuesday Blitz March 28 Early 2023"]
[White "Chigaev, Maksim"]
[Black "MKlose11"]
[WhiteFideId "4108116"]
[WhiteElo "2547"]
[BlackElo "2581"]
[Result "1-0"]
[Round "04"]
[TimeControl "180+2"]
[Date "2023.03.28"]
[WhiteClock "0:00:23"]
[BlackClock "0:00:02"]

1. Nf3 Nf6 2. c4 c5 3. Nc3 Nc6 4. g3 d6 5. Bg2 g6 6. O-O Bg7 7. d4 cxd4 8. Nxd4 Bd7 9. b3 O-O 10. Bb2 Qa5 11. h3 Qh5 12. e3 Qxd1 13. Rfxd1 Rfe8 14. Rac1 Rac8 15. g4 Nxd4 16. exd4 Bc6 17. d5 Bd7 18. a4 a6 19. Ne2 h5 20. g5 Nh7 21. Bxg7 Kxg7 22. f4 f6 23. gxf6+ exf6 24. Nd4 Nf8 25. a5 g5 26. f5 Re5 27. b4 Bxf5 28. Nxf5+ Rxf5 29. c5 Rf4 30. cxd6 Rd8 31. Rc7+ Rd7 32. Rdc1 Kf7 33. b5 axb5 34. Rxb7 Rxb7 35. Rc7+ Ke8 36. Rxb7 Ra4 37. Bf1 Nd7 38. Bxb5 1-0


[Site "https://www.chess.com"]

[Event "Titled Tuesday Blitz March 28 Early 2023"]
[White "Hnydiuk, Aleksander"]
[Black "demon64fields"]
[WhiteFideId "1109057"]
[WhiteElo "2374"]
[BlackElo "2852"]
[Result "0-1"]
[Round "04"]
[TimeControl "180+2"]
[Date "2023.03.28"]
[WhiteClock "0:00:04"]
[BlackClock "0:00:23"]

1. Nf3 g6 2. c4 Bg7 3. d4 d6 4. Nc3 e5 5. g3 exd4 6. Nxd4 Nc6 7. Nxc6 bxc6 8. Bg2 Ne7 9. O-O Be6 10. Qa4 O-O 11. Bg5 Rb8 12. Rab1 c5 13. Qxa7 Bxc4 14. Qa4 Rb4 15. Qc2 h6 16. Bf4 Nf5 17. Rfe1 Qb8 18. b3 Be6 19. Nd5 Bxd5 20. Bxd5 Kh7 21. h4 Nxh4 22. Bd2 Rd4 23. Be4 Qd8 24. e3 Rxe4 25. Qxe4 Nf5 26. Kg2 Re8 27. Qf3 Qg5 28. Kf1 Qe7 29. a4 d5 30. Qxd5 Rd8 31. Qf3 Rxd2 32. Red1 Ra2 33. Rd5 Nd6 34. Re1 Ne4 35. Re2 Rxe2 36. Qxe2 Nc3 37. Qc4 Nxd5 38. Qxd5 Bc3 39. Qc4 Bb4 40. Qb5 c4 41. Qxc4 c5 42. Qd5 Qe6 43. Qd3 h5 44. Kg2 Qf6 45. Kf1 Kg7 46. Kg2 Qe5 47. Kf1 Qf5 48. Qc4 g5 49. Qb5 h4 50. gxh4 gxh4 51. a5 h3 52. a6 Qf3 53. Qb7 Qd1# 0-1


[Site "https://www.chess.com"]

[Event "Titled Tuesday Blitz March 28 Early 2023"]
[White "Tokhirjonova, Gulrukhbegim"]
[Black "Warmerdam, Max"]
[WhiteFideId "14203626"]
[BlackFideId "1048104"]
[WhiteElo "2268"]
[BlackElo "2518"]
[Result "1-0"]
[Round "04"]
[TimeControl "180+2"]
[Date "2023.03.28"]
[WhiteClock "0:00:14"]
[BlackClock "0:00:11"]

1. e4 e5 2. Nf3 Nc6 3. Bb5 a6 4. Ba4 Nf6 5. O-O Be7 6. Re1 b5 7. Bb3 d6 8. c3 O-O 9. d4 Bg4 10. Be3 Bh5 11. Nbd2 Na5 12. Bc2 c5 13. d5 c4 14. h3 Nd7 15. g4 Bg6 16. Nf1 Rb8 17. Ng3 b4 18. cxb4 Rxb4 19. b3 Qc7 20. Rc1 Rc8 21. a3 Rxb3 22. Bxb3 Nxb3 23. Rc3 Nb6 24. h4 Na4 25. Rc2 h6 26. h5 Bh7 27. g5 hxg5 28. Nd2 Nxd2 29. Qxd2 c3 30. Qe2 Qc4 31. Qg4 Rf8 32. Bxg5 f5 33. Qh4 Bxg5 34. Qxg5 f4 35. h6 Rf7 36. Nh5 Bxe4 37. hxg7 Qc7 38. Rxe4 Nc5 39. Rc4 Qd7 40. R2xc3 Rf5 41. Nf6+ Rxf6 42. Qxf6 Qg4+ 43. Kh2 Qh5+ 44. Kg2 Qg4+ 45. Rg3 fxg3 46. Qf8+ 1-0


[Site "https://www.chess.com"]

[Event "Titled Tuesday Blitz March 28 Early 2023"]
[White "Ashraf, Artin"]
[Black "Kaidanov, Gregory"]
[WhiteFideId "22514805"]
[BlackFideId "2008564"]
[WhiteElo "2188"]
[BlackElo "2547"]
[Result "0-1"]
[Round "04"]
[TimeControl "180+2"]
[Date "2023.03.28"]
[WhiteClock "0:00:01"]
[BlackClock "0:00:27"]

1. Nf3 d5 2. e3 Nf6 3. c4 e6 4. b3 c6 5. Bb2 Bd6 6. d4 O-O 7. Nbd2 Nbd7 8. Bd3 b6 9. O-O Bb7 10. Qe2 c5 11. cxd5 exd5 12. Rac1 Re8 13. dxc5 bxc5 14. Ba6 Qb6 15. Bxb7 Qxb7 16. Qd3 a5 17. Rfd1 h6 18. Qc2 a4 19. Bc3 axb3 20. axb3 Re6 21. h3 Ree8 22. Ra1 Rxa1 23. Rxa1 Ra8 24. Re1 Re8 25. Qd3 Ra8 26. g3 Bf8 27. Kg2 Ne4 28. Ra1 Nxd2 29. Qxd2 Rxa1 30. Bxa1 Qxb3 31. Qa5 Qb8 32. Qa6 Qd6 33. Qb7 Qe6 34. Qc8 Nb6 35. Qb7 Nc4 36. Bc3 Nd6 37. Qa8 Ne4 38. Ba5 Qd6 39. Qc8 f6 40. Bc7 Qc6 41. Qb8 d4 42. exd4 Nd2 43. d5 Qxd5 44. Kh1 Nxf3 0-1


[Site "https://www.chess.com"]

[Event "Titled Tuesday Blitz March 28 Early 2023"]
[White "Timofeev, Artyom"]
[Black "Crevatin, Leo"]
[WhiteFideId "4140419"]
[BlackFideId "1726307"]
[WhiteElo "2586"]
[BlackElo "2190"]
[Result "1-0"]
[Round "04"]
[TimeControl "180+2"]
[Date "2023.03.28"]
[WhiteClock "0:00:16"]
[BlackClock "0:00:02"]

1. e4 c5 2. Nf3 d6 3. d4 cxd4 4. Nxd4 Nf6 5. Nc3 Nc6 6. Be2 g6 7. Be3 Bg7 8. Qd2 Ng4 9. Bxg4 Bxg4 10. f3 Bd7 11. O-O-O O-O 12. h4 Qa5 13. h5 Rfc8 14. Kb1 Rab8 15. hxg6 hxg6 16. Nb3 Qd8 17. Bh6 Bh8 18. Qf4 Ne5 19. Qh4 f6 20. Nd5 Nf7 21. Be3 g5 22. Qh7+ Kf8 23. Bxa7 Ra8 24. Bb6 Qe8 25. Nc7 Rxc7 26. Bxc7 Bg7 27. Qg6 Ne5 28. Qxe8+ Kxe8 29. Bb6 g4 30. Nd2 Be6 31. b3 Kf7 32. Bd4 Rg8 33. f4 Nc6 34. Bb2 f5 35. Rh7 Kg6 36. Rxg7+ Rxg7 37. Bxg7 Kxg7 38. Kb2 Kf6 39. Re1 Nd4 40. c3 Nb5 41. a4 Nc7 42. c4 Bd7 43. exf5 Bxf5 44. Ne4+ Kg6 45. Ng3 Ne6 46. Nxf5 Kxf5 47. g3 Kf6 48. Kc3 Ng7 49. Re3 Nf5 50. Rd3 e5 51. fxe5+ dxe5 52. Kd2 e4 53. Rc3 Ke5 54. c5 Kd4 55. c6 bxc6 56. Rxc6 e3+ 57. Ke1 Ke4 58. a5 1-0


[Site "https://www.chess.com"]

[Event "Titled Tuesday Blitz March 28 Early 2023"]
[White "Martic, Ivan"]
[Black "Asadli, Vugar"]
[WhiteFideId "929301"]
[BlackFideId "13405764"]
[WhiteElo "2360"]
[BlackElo "2598"]
[Result "1-0"]
[Round "04"]
[TimeControl "180+2"]
[Date "2023.03.28"]
[WhiteClock "0:01:39"]
[BlackClock "0:02:16"]

1. d4 Nf6 2. Bg5 g6 3. Bxf6 exf6 4. e3 f5 5. g3 h5 6. h4 d6 7. Bg2 Nd7 8. Ne2 Nf6 9. c4 Bg7 10. Nbc3 O-O 11. Qd3 Re8 12. O-O Ng4 13. Nf4 g5 14. hxg5 Qxg5 15. Ncd5 h4 16. Nxc7 hxg3 17. Nxe8 Qh4 18. Nh3 gxf2+ 19. Rxf2 Nxf2 20. Nxf2 Bh6 21. Nxd6 Qg3 22. Nxc8 Rxc8 23. Qxf5 Rxc4 24. Qg4+ Qxg4 25. Nxg4 1-0


[Site "https://www.chess.com"]

[Event "Titled Tuesday Blitz March 28 Early 2023"]
[White "Ohanyan, Emin"]
[Black "Derjabin, Ilja"]
[WhiteFideId "13312022"]
[BlackFideId "14104768"]
[WhiteElo "2402"]
[BlackElo "2309"]
[Result "1-0"]
[Round "04"]
[TimeControl "180+2"]
[Date "2023.03.28"]
[WhiteClock "0:01:14"]
[BlackClock "0:00:26"]

1. e4 e6 2. d4 d5 3. Bd3 c5 4. Nf3 c4 5. Be2 dxe4 6. Ne5 Nc6 7. Nxc6 bxc6 8. Bxc4 Nf6 9. c3 Be7 10. Qe2 O-O 11. Nd2 c5 12. dxc5 Bb7 13. b4 a5 14. O-O axb4 15. cxb4 Qd4 16. Rb1 Rfd8 17. Nb3 Qe5 18. Bb2 Qg5 19. Bxf6 Bxf6 20. b5 Bd5 21. Bxd5 exd5 22. c6 Be5 23. g3 Bc7 24. Nc5 d4 25. Nxe4 Qd5 26. b6 Be5 27. c7 Re8 28. b7 Rxa2 29. c8=Q 1-0


[Site "https://www.chess.com"]

[Event "Titled Tuesday Blitz March 28 Early 2023"]
[White "Ozen, Bahadir"]
[Black "Jain Kashish Manoj"]
[WhiteFideId "6337058"]
[BlackFideId "35081098"]
[WhiteElo "2503"]
[BlackElo "2191"]
[Result "1/2-1/2"]
[Round "04"]
[TimeControl "180+2"]
[Date "2023.03.28"]
[WhiteClock "0:00:32"]
[BlackClock "0:00:04"]

1. h3 e5 2. c3 d5 3. d4 e4 4. Bf4 Nf6 5. e3 Be7 6. c4 O-O 7. Nc3 c6 8. Rc1 Nbd7 9. cxd5 Nxd5 10. Nxd5 cxd5 11. Ne2 Nb6 12. Nc3 Bd7 13. Qb3 Bc6 14. Be2 Rc8 15. O-O Bd6 16. Bxd6 Qxd6 17. Nb5 Qb8 18. Rc5 Nd7 19. Rc2 Bxb5 20. Bxb5 Rxc2 21. Qxc2 Rc8 22. Qd2 Nb6 23. Rc1 Rxc1+ 24. Qxc1 Qc8 25. Qd1 a6 26. Be2 Qc6 27. Qd2 g6 28. g3 h5 29. Kg2 Kg7 30. h4 Nd7 31. Bd1 Nf6 32. Bb3 Ng4 33. Bd1 Qd7 34. a3 Qf5 35. b3 b6 36. Qc2 a5 37. Qd2 Kh7 38. Qe1 Kg7 39. Qe2 Kh7 40. Qd2 Kg7 41. Qc2 Kh7 42. Qd2 Kg7 43. Qc2 Kh7 44. Qd2 1/2-1/2


[Site "https://www.chess.com"]

[Event "Titled Tuesday Blitz March 28 Early 2023"]
[White "Degenbaev, Aziz"]
[Black "Kilic, Eray"]
[WhiteFideId "13802640"]
[BlackFideId "44517173"]
[WhiteElo "2152"]
[BlackElo "2328"]
[Result "0-1"]
[Round "04"]
[TimeControl "180+2"]
[Date "2023.03.28"]
[WhiteClock "0:00:05"]
[BlackClock "0:00:21"]

1. e4 c5 2. Nf3 d6 3. d4 cxd4 4. Nxd4 Nf6 5. Nc3 a6 6. Be3 e5 7. Nb3 Be6 8. f3 Nbd7 9. Qd2 h5 10. Nd5 Bxd5 11. exd5 g6 12. c4 b6 13. Be2 Bg7 14. O-O O-O 15. Qe1 a5 16. Nd2 Nc5 17. Rb1 Re8 18. Bg5 Qc8 19. Qh4 Nh7 20. Ne4 Nxg5 21. Qxg5 Nxe4 22. fxe4 Qc5+ 23. Kh1 Qd4 24. Qh4 a4 25. Qf2 Qxf2 26. Rxf2 Rec8 27. Bd3 Bh6 28. Rf3 Bg5 29. g3 Ra7 30. Kg2 Kg7 31. Kf1 Rc5 32. Ke2 h4 33. g4 Bf4 34. h3 Kf6 35. Rff1 Kg5 36. Rfd1 f6 37. Rf1 Rac7 38. Rfd1 Rxc4 39. Bxc4 Rxc4 40. Kf3 Rc2 41. b3 a3 42. Rd3 Rxa2 43. Rc3 Rh2 44. Rc6 Rxh3+ 45. Ke2 Rh2+ 46. Kd3 Rd2+ 47. Kc3 h3 48. Rxb6 a2 49. Ra1 h2 50. Rb8 Be3 51. Rh8 Rg2 52. Kd3 Bd4 53. Rxa2 Rxa2 54. b4 Bg1 55. b5 Rb2 56. Kc4 Kxg4 57. b6 Rxb6 58. Rh6 g5 59. Kd3 Rb2 60. Kc3 Rf2 61. Kd3 Kg3 62. Ke3 Rf4+ 63. Kd3 Rh4 64. Rxf6 h1=Q 65. Rxd6 Qxe4+ 0-1


[Site "https://www.chess.com"]

[Event "Titled Tuesday Blitz March 28 Early 2023"]
[White "Idani, Pouya"]
[Black "Drori, Saar"]
[WhiteFideId "12510130"]
[BlackFideId "2812444"]
[WhiteElo "2574"]
[BlackElo "2322"]
[Result "0-1"]
[Round "04"]
[TimeControl "180+2"]
[Date "2023.03.28"]
[WhiteClock "0:00:02"]
[BlackClock "0:00:05"]

1. e4 c5 2. Nc3 a6 3. d4 cxd4 4. Qxd4 d6 5. b3 Nf6 6. Bb2 e6 7. O-O-O Be7 8. Kb1 O-O 9. Bd3 Nc6 10. Qe3 b5 11. Nf3 e5 12. h3 Be6 13. g4 Rc8 14. Ne2 Nb4 15. Ng3 Nd7 16. Nf5 Nc5 17. Rd2 Ncxd3 18. cxd3 Re8 19. d4 Qa5 20. a3 exd4 21. N3xd4 Nc6 22. Nxe6 fxe6 23. Nxg7 Ne5 24. Nxe6 Bf6 25. f4 Rxe6 26. fxe5 Bxe5 27. Bxe5 Rxe5 28. b4 Qa4 29. Rf1 a5 30. Qd4 axb4 31. Qxb4 Qxb4+ 32. axb4 Rxe4 33. Rb2 Rcc4 34. Rd1 Rxb4 35. Rxd6 Rxb2+ 36. Kxb2 Re3 37. Rh6 Kg7 38. Rh5 b4 39. h4 Re4 40. Rg5+ Kf6 41. Rg8 Kf7 42. Rg5 h6 43. Rf5+ Kg7 44. g5 h5 45. Rb5 Rxh4 46. Kb3 Rg4 47. Rxb4 Rxb4+ 48. Kxb4 h4 0-1


[Site "https://www.chess.com"]

[Event "Titled Tuesday Blitz March 28 Early 2023"]
[White "Castellanos Villela, Alejandro"]
[Black "Xu, Yi"]
[WhiteFideId "3446379"]
[BlackFideId "8605564"]
[WhiteElo "2102"]
[BlackElo "2471"]
[Result "1-0"]
[Round "04"]
[TimeControl "180+2"]
[Date "2023.03.28"]
[WhiteClock "0:00:09"]
[BlackClock "0:00:02"]

1. Nf3 d5 2. g3 Nd7 3. d4 Nb6 4. Bg2 Bf5 5. O-O e6 6. b3 h6 7. Bb2 Nf6 8. Ne5 Be7 9. c4 c6 10. Nc3 O-O 11. a4 a5 12. e3 Nfd7 13. Nxd7 Nxd7 14. e4 dxe4 15. Nxe4 Nf6 16. Nc3 Qb6 17. Bc1 Rfd8 18. Be3 Qc7 19. Qc1 Rac8 20. Rd1 Bb4 21. Na2 Bd6 22. Nc3 Qe7 23. Qb2 Bb4 24. Na2 Ng4 25. Nxb4 Nxe3 26. Nxc6 bxc6 27. fxe3 Qg5 28. Qc3 h5 29. e4 Bg4 30. Re1 h4 31. e5 Bf5 32. Re3 hxg3 33. hxg3 Qg4 34. Qxa5 Rxd4 35. Rae1 Rcd8 36. R1e2 Rd1+ 37. Kf2 Qg5 38. Qc3 Bg4 39. Ra2 Qf5+ 40. Bf3 Qh5 41. Bxg4 Qh2+ 42. Kf3 Rf1+ 43. Ke4 Qxa2 44. Be2 Rf2 45. Bd3 Rh2 46. Qa5 Qg2+ 47. Kf4 Rd4+ 48. Be4 Qf2+ 49. Rf3 Rh4+ 50. gxh4 Qxh4+ 51. Ke3 Qxe4+ 52. Kf2 Qc2+ 53. Kg3 g5 54. Qa8+ Kg7 55. Qe8 Qg6 56. Qe7 Rd3 57. Qf6+ 1-0


[Site "https://www.chess.com"]

[Event "Titled Tuesday Blitz March 28 Early 2023"]
[White "Ozates, Tuna"]
[Black "Boyer, Mahel"]
[WhiteFideId "6354521"]
[BlackFideId "45102422"]
[WhiteElo "2151"]
[BlackElo "2439"]
[Result "0-1"]
[Round "04"]
[TimeControl "180+2"]
[Date "2023.03.28"]
[WhiteClock "0:01:43"]
[BlackClock "0:02:45"]

1. e4 Nc6 2. Nf3 d5 3. exd5 Qxd5 4. Nc3 Qh5 5. Nb5 Kd8 6. d4 Bg4 7. Bf4 a6 8. Nxc7 Rc8 9. d5 Bxf3 10. gxf3 Ne5 11. Ne6+ fxe6 12. dxe6+ Ke8 13. Be2 Nf6 14. Qd6 0-1


[Site "https://www.chess.com"]

[Event "Titled Tuesday Blitz March 28 Early 2023"]
[White "Zemlyanskii, Ivan"]
[Black "Bilan, Danila"]
[WhiteFideId "24249971"]
[BlackFideId "24161918"]
[WhiteElo "2233"]
[BlackElo "2182"]
[Result "1-0"]
[Round "04"]
[TimeControl "180+2"]
[Date "2023.03.28"]
[WhiteClock "0:00:12"]
[BlackClock "0:00:02"]

1. d4 d5 2. Bf4 Nf6 3. e3 c5 4. c3 Nc6 5. Nd2 cxd4 6. exd4 Bf5 7. Ngf3 e6 8. Qb3 Qc8 9. h3 h6 10. Be2 Be7 11. Nf1 O-O 12. Ne3 Bh7 13. O-O a6 14. a4 Na5 15. Qd1 Nc4 16. Nxc4 dxc4 17. Ne5 b5 18. Bf3 Nd5 19. Bxd5 exd5 20. Re1 Re8 21. axb5 axb5 22. Rxa8 Qxa8 23. Qh5 Rf8 24. Nd7 Re8 25. Nb6 Qc6 26. Nxd5 Bf8 27. Rxe8 Qxe8 28. Be5 Qe6 29. Nc7 Qc6 30. Bg3 Be4 31. Qxb5 Bxg2 32. Qxc6 Bxc6 33. d5 Bd7 34. Na6 Bxh3 35. d6 Be6 36. Nc5 g5 37. d7 Be7 38. Nxe6 fxe6 39. Bc7 1-0


[Site "https://www.chess.com"]

[Event "Titled Tuesday Blitz March 28 Early 2023"]
[White "Smirnov, Pavel"]
[Black "Yaniuk, Volodymyr"]
[WhiteFideId "4123425"]
[BlackFideId "14133083"]
[WhiteElo "2519"]
[BlackElo "2141"]
[Result "1-0"]
[Round "04"]
[TimeControl "180+2"]
[Date "2023.03.28"]
[WhiteClock "0:01:46"]
[BlackClock "0:00:56"]

1. d4 d5 2. c4 e6 3. Nf3 Nf6 4. g3 Be7 5. Bg2 O-O 6. Nc3 dxc4 7. Ne5 c5 8. dxc5 Qxd1+ 9. Nxd1 Bxc5 10. O-O Nfd7 11. Nxc4 Nc6 12. Nc3 Nde5 13. Nxe5 Nxe5 14. Ne4 Bb6 15. Bf4 Ng6 16. Bd6 Rd8 17. Rfd1 Bd7 18. Nc5 Bxc5 19. Bxc5 Bc6 20. Rxd8+ Rxd8 21. Bxc6 bxc6 22. Bxa7 Rd2 23. a4 Rxb2 24. a5 Ne7 25. a6 Nc8 26. Rd1 f6 27. Rd8+ Kf7 28. Rxc8 Rxe2 29. Rc7+ Kg6 30. Rxc6 e5 31. Be3 Ra2 32. a7 Kf5 33. Rc8 Kg4 34. a8=Q Rb2 35. Qe4+ Kh3 36. Qh4# 1-0


[Site "https://www.chess.com"]

[Event "Titled Tuesday Blitz March 28 Early 2023"]
[White "Real_OceanStorm"]
[Black "Kuzmin, Roman"]
[BlackFideId "44134932"]
[WhiteElo "2793"]
[BlackElo "2146"]
[Result "1/2-1/2"]
[Round "04"]
[TimeControl "180+2"]
[Date "2023.03.28"]
[WhiteClock "0:00:03"]
[BlackClock "0:00:06"]

1. d4 Nf6 2. c4 e6 3. Nc3 d5 4. Bf4 c6 5. e3 Be7 6. Nf3 Nbd7 7. cxd5 exd5 8. Bd3 Nh5 9. Be5 Nxe5 10. Nxe5 Nf6 11. O-O Nd7 12. Nxd7 Bxd7 13. Rc1 O-O 14. Re1 Bf6 15. a3 Re8 16. h3 g6 17. Na4 b6 18. Qf3 Rc8 19. Nc3 Be6 20. Ne2 c5 21. Bb5 Rf8 22. Nf4 cxd4 23. Rxc8 Qxc8 24. Nxd5 Bxd5 25. Qxf6 dxe3 26. Rxe3 Qc1+ 27. Kh2 Qc5 28. a4 Be6 29. Rc3 Qd6+ 30. f4 Qd2 31. Rd3 Qc2 32. Qd4 Rc8 33. b4 Qa2 34. Rd2 Qb1 35. Ba6 Rf8 36. Be2 Qc1 37. a5 Qc7 38. axb6 axb6 39. Bg4 Bxg4 40. hxg4 Re8 41. g5 Rc8 42. Qf6 b5 43. Rd5 Qb8 44. Rd7 Rf8 45. Rd5 Qc8 46. Rxb5 Qg4 47. Rb7 Qh4+ 48. Kg1 Qe1+ 49. Kh2 Qh4+ 50. Kg1 Qe1+ 51. Kh2 Qh4+ 1/2-1/2


[Site "https://www.chess.com"]

[Event "Titled Tuesday Blitz March 28 Early 2023"]
[White "Jimenez Almeida, Luis David"]
[Black "Nagy, Gabor"]
[WhiteFideId "22242244"]
[BlackFideId "737119"]
[WhiteElo "2245"]
[BlackElo "2510"]
[Result "0-1"]
[Round "04"]
[TimeControl "180+2"]
[Date "2023.03.28"]
[WhiteClock "0:00:14"]
[BlackClock "0:01:01"]

1. e4 c6 2. Nc3 d5 3. Qf3 d4 4. Bc4 e6 5. Nce2 Nd7 6. Qg3 Ngf6 7. d3 e5 8. Nh3 b5 9. Bb3 h6 10. f4 Qc7 11. fxe5 Qxe5 12. Bf4 Qe7 13. Nxd4 Nh5 14. Qf2 Nxf4 15. Nxf4 Ne5 16. O-O g6 17. h3 Bg7 18. Rad1 a5 19. c3 a4 20. Bc2 O-O 21. a3 Ba6 22. Nf3 Nxf3+ 23. Qxf3 Rad8 24. Rfe1 Bb7 25. d4 c5 26. d5 b4 27. axb4 cxb4 28. Bxa4 bxc3 29. bxc3 Qa3 30. Bc6 Bc8 31. c4 Qc5+ 32. Kh1 Qxc4 33. Qd3 Qb4 34. Rb1 Qd6 35. Ne2 f5 36. Nc3 Kh7 37. Nb5 Qf4 38. Qf3 Qxf3 39. gxf3 fxe4 40. fxe4 Rf3 41. Kg2 Rdf8 42. Re2 Bxh3+ 43. Kh2 Be5+ 44. Kh1 Rf1+ 45. Rxf1 Rxf1# 0-1


[Site "https://www.chess.com"]

[Event "Titled Tuesday Blitz March 28 Early 2023"]
[White "Dobre, Claudiu-Cristian"]
[Black "Samunenkov, Ihor"]
[WhiteFideId "1211854"]
[BlackFideId "14187086"]
[WhiteElo "2207"]
[BlackElo "2457"]
[Result "0-1"]
[Round "04"]
[TimeControl "180+2"]
[Date "2023.03.28"]
[WhiteClock "0:00:04"]
[BlackClock "0:00:40"]

1. e4 c5 2. b3 Nc6 3. Bb2 e5 4. Bc4 g6 5. f4 d6 6. Nf3 Bg7 7. O-O Nh6 8. d3 O-O 9. Qd2 Nd4 10. Nc3 Rb8 11. a4 Bg4 12. Nxd4 cxd4 13. Nd5 Be6 14. Ba3 Re8 15. h3 f5 16. fxe5 dxe5 17. exf5 Nxf5 18. Rae1 Bxd5 19. Bxd5+ Qxd5 0-1


[Site "https://www.chess.com"]

[Event "Titled Tuesday Blitz March 28 Early 2023"]
[White "Zubritskiy, Artyom"]
[Black "Nurmanova, Alua"]
[WhiteFideId "4181247"]
[BlackFideId "13729390"]
[WhiteElo "2419"]
[BlackElo "2253"]
[Result "0-1"]
[Round "04"]
[TimeControl "180+2"]
[Date "2023.03.28"]
[WhiteClock "0:00:01"]
[BlackClock "0:00:13"]

1. d4 Nf6 2. c4 g6 3. g3 Bg7 4. Bg2 O-O 5. Nc3 d6 6. Nf3 Nbd7 7. O-O e5 8. e4 exd4 9. Nxd4 Re8 10. Re1 Nc5 11. h3 h6 12. f3 c6 13. Be3 Qc7 14. Bf2 a5 15. Qc2 Nh5 16. Rad1 a4 17. f4 Ne6 18. Nde2 f5 19. exf5 gxf5 20. Nd4 Bxd4 21. Bxd4 Nxg3 22. Re3 Nh5 23. Qxf5 Nhg7 24. Qg6 Qf7 25. Qxf7+ Kxf7 26. Bxg7 Nxg7 27. Red3 Nf5 28. Ne4 Rg8 29. Kf2 Be6 30. Nxd6+ Nxd6 31. Rxd6 Raf8 32. Bf1 Ke7 33. c5 Rxf4+ 34. Ke3 Rh4 35. Kf2 Rf4+ 36. Ke3 Rb4 37. Re1 Rg3+ 38. Kf2 Rg6 39. b3 axb3 40. axb3 Rf6+ 41. Kg1 b5 42. Rxc6 Rxb3 43. Bg2 Rg6 44. Kh1 Rbg3 45. Rcxe6+ Rxe6 46. Rb1 Re2 47. Bf1 Rc2 48. Bxb5 Rxh3+ 49. Kg1 Rg3+ 50. Kh1 Rxc5 51. Be2 Rc2 52. Bf1 Rc5 53. Be2 Kd6 0-1


[Site "https://www.chess.com"]

[Event "Titled Tuesday Blitz March 28 Early 2023"]
[White "Jeet, Jain"]
[Black "Seo, Jung Min"]
[WhiteFideId "5073022"]
[BlackFideId "1734687"]
[WhiteElo "2067"]
[BlackElo "2468"]
[Result "0-1"]
[Round "04"]
[TimeControl "180+2"]
[Date "2023.03.28"]
[WhiteClock "0:01:36"]
[BlackClock "0:01:26"]

1. Nf3 c5 2. g3 Nc6 3. d4 cxd4 4. Nxd4 Qb6 5. Nb3 Nf6 6. Bg2 g6 7. O-O Bg7 8. c4 O-O 9. Nc3 d6 10. Be3 Qb4 11. c5 Ng4 12. Nd5 Nxe3 13. Nxb4 Nxd1 14. Nxc6 bxc6 15. Bxc6 Rb8 16. cxd6 exd6 17. Raxd1 Bxb2 18. Rxd6 Rb6 19. Rd2 Bc3 20. Rc2 Rxc6 21. Rfc1 Ba6 22. e3 Rfc8 0-1


[Site "https://www.chess.com"]

[Event "Titled Tuesday Blitz March 28 Early 2023"]
[White "lemayvega"]
[Black "Karolczuk, Iwo"]
[BlackFideId "21816972"]
[WhiteElo "2542"]
[BlackElo "2348"]
[Result "0-1"]
[Round "04"]
[TimeControl "180+2"]
[Date "2023.03.28"]
[WhiteClock "0:00:07"]
[BlackClock "0:00:17"]

1. e4 c5 2. Nf3 d6 3. d4 cxd4 4. Nxd4 Nf6 5. Nc3 a6 6. Be3 e5 7. Nb3 Be6 8. f3 Nbd7 9. Qd2 b5 10. O-O-O h5 11. Be2 Be7 12. h3 h4 13. Kb1 Nb6 14. Bxb6 Qxb6 15. Nd5 Nxd5 16. exd5 Bd7 17. Qa5 Qb7 18. Rhf1 b4 19. c3 bxc3 20. Qxc3 O-O 21. Na5 Qb6 22. Nc6 Bf6 23. Rc1 Rab8 24. Nxb8 Rxb8 25. Rc2 Bf5 26. Qa3 Bxc2+ 27. Kxc2 e4 28. b3 Rc8+ 29. Bc4 Qd4 30. Rd1 Qc3+ 31. Kb1 Rxc4 0-1


[Site "https://www.chess.com"]

[Event "Titled Tuesday Blitz March 28 Early 2023"]
[White "Mahdavi, Reza"]
[Black "Cori T., Deysi"]
[WhiteFideId "12595926"]
[BlackFideId "3801934"]
[WhiteElo "2208"]
[BlackElo "2292"]
[Result "1-0"]
[Round "04"]
[TimeControl "180+2"]
[Date "2023.03.28"]
[WhiteClock "0:00:14"]
[BlackClock "0:00:05"]

1. Nf3 e6 2. g3 d5 3. Bg2 Nf6 4. O-O Be7 5. d4 O-O 6. c4 Nbd7 7. b3 dxc4 8. bxc4 c5 9. Bb2 cxd4 10. Nxd4 Nb6 11. Qc2 Qc7 12. Na3 a6 13. Rac1 Rd8 14. Rfd1 Bd7 15. c5 Nbd5 16. e4 Nb4 17. Qb3 Nc6 18. Ne2 e5 19. Nc3 Nd4 20. Nd5 Nxd5 21. Bxd4 exd4 22. exd5 Bxc5 23. Rxd4 Qd6 24. Nc4 Qh6 25. Rdd1 Rac8 26. a4 b5 27. axb5 Bxb5 28. Ne3 Qb6 29. Re1 h6 30. Bf3 Qf6 31. Kg2 g6 32. Ng4 Qg7 33. Qa2 h5 34. Ne3 Qf6 35. Nc4 Qd4 36. Red1 Qf6 37. Na5 Bb6 38. Nc6 Re8 39. h4 Qd6 40. Re1 Kh7 41. Qd2 Qf6 42. Qa2 Bxc6 43. dxc6 Qd4 44. Qxf7+ Kh6 45. Rxe8 Qxf2+ 46. Kh3 Rxe8 47. Qxe8 1-0


[Site "https://www.chess.com"]

[Event "Titled Tuesday Blitz March 28 Early 2023"]
[White "Belov, Alexei"]
[Black "Weetik, Vjacheslav"]
[WhiteFideId "4128206"]
[BlackFideId "4153472"]
[WhiteElo "2539"]
[BlackElo "2469"]
[Result "1-0"]
[Round "04"]
[TimeControl "180+2"]
[Date "2023.03.28"]
[WhiteClock "0:00:21"]
[BlackClock "0:00:01"]

1. e4 c5 2. Nf3 Nc6 3. d4 cxd4 4. Nxd4 g6 5. c4 Nf6 6. Nc3 d6 7. Be2 Nxd4 8. Qxd4 Bg7 9. Be3 O-O 10. Qd2 a5 11. O-O a4 12. f3 Qa5 13. Rfd1 Be6 14. Nd5 Nxd5 15. cxd5 Bd7 16. Rac1 Rfc8 17. Qxa5 Rxa5 18. Rxc8+ Bxc8 19. Rc1 Ra8 20. Rc7 Bxb2 21. Rxe7 Kf8 22. Rc7 a3 23. Bb5 Bf6 24. h3 Bd8 25. Rc3 f5 26. Bd4 fxe4 27. fxe4 Bg5 28. Kf2 h5 29. Ke2 Be7 30. Kf3 Bg5 31. g4 h4 32. e5 dxe5 33. Bxe5 Bd8 34. Ke4 Bb6 35. Bd4 Bd8 36. Bc5+ Kf7 37. Rf3+ Kg8 38. Ke5 Bg5 39. Rf8+ Kg7 40. Bd7 Bxd7 41. Rxa8 Bf6+ 42. Ke4 1-0


[Site "https://www.chess.com"]